 Dungeon Crawl Stone Soup version 0.22-a0-367-gb72a975 (webtiles) character file.

135 khargal the Shield-Bearer (level 5, -4/33 HPs)
             Began as a Gargoyle Fighter on Apr 22, 2018.
             Slain by an ice beast (12 damage)
             ... on level 4 of the Dungeon.
             The game lasted 00:04:31 (1746 turns).

khargal the Shield-Bearer (Gargoyle Fighter)        Turns: 1746, Time: 00:04:32

Health: -4/33      AC: 14    Str: 19    XL:     5   Next: 18%
Magic:  5/5        EV:  5    Int: 12    God:
Gold:   103        SH:  9    Dex: 10    Spells: 4/4 levels left

rFire    . . .     SeeInvis .   a - +1 flail
rCold    . . .     Gourm    .   c - +0 shield
rNeg     + . .     Faith    .   j - +0 chain mail
rPois    ∞         Spirit   .   i - +0 helmet
rElec    +         Reflect  .   (no cloak)
rCorr    .         Harm     .   (no gloves)
MR       .....                  (no boots)
Stlth    ..........             (no amulet)
HPRegen  0.11/turn              h - +3 ring of intelligence
MPRegen  0.09/turn              (no ring)

@: no status effects
A: negative energy resistance 1, electricity resistance, unbreathing,
petrification resistance, rot immunity, AC +4
a: no special abilities


You were on level 4 of the Dungeon.
You were not hungry.

You visited 1 branch of the dungeon, and saw 4 of its levels.

You collected 103 gold pieces.

Inventory:

Hand Weapons
 a - a +1 flail (weapon)
Armour
 c - a +0 shield (worn)
 i - a +0 helmet (worn)
 j - a +0 chain mail (worn)
 l - a +1 scale mail of poison resistance
Jewellery
 h - a +3 ring of intelligence (left hand)
Scrolls
 b - a scroll of teleportation
 e - 2 scrolls of identify
 k - a scroll of remove curse {unknown}
Potions
 d - a potion of might
Comestibles
 f - 4 rations
 g - 3 chunks of flesh


   Skills:
 + Level 3.9 Fighting
 + Level 3.5 Maces & Flails
 + Level 3.8 Armour
 + Level 4.4 Shields


You had 4 spell levels left.
You didn't know any spells.

Dungeon Overview and Level Annotations

Branches:
Dungeon (4/15)
 Temple: D:4-7

Altars:
Xom


Innate Abilities, Weirdness & Mutations

You are resistant to torment.
Your stone body is resilient. (AC +4)
You are immune to poison.
You resist negative energy. (rN+)
You are resistant to electric shocks. (rElec)
You can survive without breathing.
You are immune to petrification.
You are immune to rotting.


Message History

The ice beast completely misses you. The orc hits you but does no damage.
Your shield and chain mail prevent you from hitting the ice beast.
The ice beast is heavily wounded.
You block the ice beast's attack. You block the orc's attack.
The ice beast hits you. The ice beast freezes you!
The orc hits you but does no damage.
You are too injured to fight recklessly!
You are too injured to fight recklessly!
You are too injured to fight recklessly!
You are too injured to fight recklessly!
Unknown command.
You hit the ice beast.
The ice beast is heavily wounded.
You block the ice beast's attack. The orc barely misses you.
You closely miss the ice beast.
The ice beast is heavily wounded.
The ice beast hits you.
* * * LOW HITPOINT WARNING * * *
The ice beast freezes you!
You die...

.........##.#.#####.#
#.#
##..#.....##.#...#
##.#.........#.#.#
......#.#.####...#
.#.#......# #.#|#
....##.### #...# #
##'## #.#.# ...#...##
#...# #....>@# #. ##
........oY#
.#.#.........
.............#
.#.#.....?...+
.............#
####.....##.# ##...##
##


You could see an ice beast and an orc.

Vanquished Creatures
  A worker ant (D:4)
  4 adders
  An ooze (D:1)
  A dart slug (D:3)
  4 leopard geckos
  2 orcs (D:3)
  4 giant cockroaches
  6 goblins
  9 hobgoblins
  4 jackals (D:3)
  5 kobolds
  2 quokkas
  A ball python (D:3)
  5 bats
  2 frilled lizards
  10 rats
61 creatures vanquished.

Notes
Turn   | Place    | Note
-------+----------+-------------------------------------------
     0 | D:1      | khargal the Gargoyle Fighter began the quest for the Orb.
     0 | D:1      | Reached XP level 1. HP: 14/14 MP: 1/1
   138 | D:1      | Reached XP level 2. HP: 19/19 MP: 2/2
   516 | D:2      | Found a shimmering altar of Xom.
   578 | D:2      | Reached XP level 3. HP: 22/23 MP: 3/3
   657 | D:2      | Found a faded altar of an unknown god.
   988 | D:3      | Reached skill level 4 in Shields
  1034 | D:3      | Reached XP level 4. HP: 26/29 MP: 4/4
  1641 | D:4      | Reached XP level 5. HP: 28/33 MP: 5/5
  1727 | D:4      | Noticed an ice beast
  1746 | D:4      | Slain by an ice beast

Vault maps used:
D:1:      ncdulo_smallfort
D:2:      chequers_ecumenical_altar_simple, brannock_xom_greatest_gift
D:3:      st_stairs_13
D:4:      serial_glass, glass_columns_a, glass_columns_a, glass_columns_c,
          glass_columns_c, glass_columns_c, glass_columns_b, glass_columns_a,
          glass_columns_a, glass_columns_c, glass_columns_b,
          hangedman_minor_gate_pass

Skill      XL: |  1  2  3  4 |
---------------+-------------+-----
Shields        | 4 |  4.4
Maces & Flails | 3 |  3.5
Fighting       | |  3.9
Armour         | |  3.8

Action                   |  1- 3 |  4- 6 || total
-------------------------+-------+-------++-------
Melee: Flail             |   120 |    91 ||   211
  Use: Scroll            |     6 |       ||     6
  Eat: Chunk             |     1 |     2 ||     3
Armor: Scale mail        |    86 |       ||    86
       Chain mail        |    16 |    89 ||   105
Dodge: Dodged            |    61 |    30 ||    91
Block: Shield            |    87 |    61 ||   148

Table legend:
 A = Spawn XP
 B = Non-spawn XP
 C = Spawn XP percentage of total XP
 D = Spawn monster count
 E = Non-spawn monster count
 F = Spawn count percentage of total count
 G = Total turns spent on level
                    A         B        C        D         E        F      G
               +---------+---------+-------+---------+---------+-------+---------
         Total |       0 |     193 |   0.0 |       0 |      61 |   0.0 |  1746
               +---------+---------+-------+---------+---------+-------+---------
           D:1 |       0 |      29 |   0.0 |       0 |      14 |   0.0 |   516
           D:2 |       0 |      41 |   0.0 |       0 |      18 |   0.0 |   460
           D:3 |       0 |      90 |   0.0 |       0 |      28 |   0.0 |   592
           D:4 |       0 |      33 |   0.0 |       0 |       1 |   0.0 |   178
               +---------+---------+-------+---------+---------+-------+---------
